 Dungeon Crawl Stone Soup version 0.25-a0-713-g4845790 (webtiles) character file.

Game seed: 12251699588794657230, levelgen mode: deterministic

139 BlueFish the Magician (level 5, -3/36 HPs)
             Began as a Mummy Wizard on Apr 5, 2020.
             Slain by a gnoll (6 damage)
             ... on level 3 of the Dungeon.
             The game lasted 00:08:42 (3507 turns).

BlueFish the Magician (Mummy Wizard)                Turns: 3507, Time: 00:08:42

Health: -3/36      AC:  4    Str: 10    XL:     5   Next: 1%
Magic:  2/13       EV: 12    Int: 18    God:
Gold:   88         SH:  0    Dex: 11    Spells: 5/15 levels left

rFire    x . .     SeeInvis .   j - +2 dagger (vamp)
rCold    + . .     Gourm    .   (no shield)
rNeg     + + +     Faith    +   a - +0 robe
rPois    ∞         Spirit   .   b - +0 hat
rElec    .         Reflect  .   f - +1 cloak
rCorr    .         Harm     .   (no gloves)
MR       .....                  (no boots)
Stlth    ++........             e - amulet of faith
HPRegen  0.12/turn              (no ring)
MPRegen  0.13/turn              h - ring of flight

@: very slightly contaminated
A: no food or potions, fire vulnerability, cold resistance 1, negative energy
resistance 3, torment resistance, unbreathing
a: Evoke Flight


You were on level 3 of the Dungeon.
You were not hungry.

You visited 1 branch of the dungeon, and saw 3 of its levels.

You collected 88 gold pieces.

Inventory:

Hand Weapons
 c - a +0 dagger
 j - a +2 vampiric dagger (weapon)
Armour
 a - a +0 robe (worn)
 b - a +0 hat (worn)
 f - a +1 cloak (worn)
Jewellery
 e - an amulet of faith (around neck)
 h - a ring of flight (right hand)
Scrolls
 d - a scroll of magic mapping
 g - 2 scrolls of blinking


   Skills:
 * Level 0.7 Fighting
 * Level 1.9 Dodging
 * Level 2.0 Stealth
 * Level 5.8 Spellcasting
 + Level 2.0 Conjurations
 + Level 0.9 Summonings
 + Level 0.7 Translocations


You had 5 spell levels left.
You knew the following spells:

 Your Spells              Type           Power        Failure   Level  Hunger
a - Magic Dart            Conj           ##..         5%          1    N/A
b - Call Imp              Summ           #.......     12%         2    N/A
c - Blink                 Tloc           N/A          14%         2    N/A
d - Slow                  Hex            #.......     19%         2    N/A
e - Mephitic Cloud        Conj/Pois/Air  #.......     28%         3    N/A

Your spell library contained the following spells:

 Spells                   Type           Power        Failure   Level  Hunger
 Conjure Flame            Conj/Fire      #.......     24%         3    N/A

Dungeon Overview and Level Annotations

Branches:
Dungeon (3/15)

Altars:
Kikubaaqudgha

Annotations:
D:2 2 transporters
D:3 1 runed translucent door, FishTaco's ghost, amateur DEIE; Terence


Innate Abilities, Weirdness & Mutations

You do not eat or drink.
Your flesh is vulnerable to fire.
You are immune to poison.
Your flesh is cold resistant. (rC+)
You are immune to negative energy. (rN+++)
You are immune to unholy pain and torment.
You can survive without breathing.


Message History

You miscast Mephitic Cloud.
You feel weak for a moment. The gnoll misses you.
Casting: Mephitic Cloud (safe; 28% risk of failure)
Confirm with . or Enter, or press ? or * to list all spells.
You don't know that spell.
You hit the gnoll but do no damage.
The gnoll is severely wounded.
The gnoll misses you.
You hit the gnoll but do no damage.
The gnoll is severely wounded.
The gnoll hits you from afar with a +0 halberd!
The gnoll closely misses you.
You hit the gnoll.
You feel better.
The gnoll is almost dead.
The gnoll barely misses you. The gnoll hits you.
You hit the gnoll.
You feel better.
The gnoll is almost dead.
The gnoll hits you from afar with a +0 halberd!
* * * LOW HITPOINT WARNING * * *
The gnoll hits you.
You die...

*,*
******************************.#
,,,,,,,,,,,,,,,,,,,,,,,,,,,,,..#
***************#########*****#.#
***,,,,,,,,,,........#######.#
*,,,,,,**###########.#....##.#
*,,,,,,*,.........†..#....##.#
***,,,,..#.#######†...%)....##.##
,,+,,,,.>'..gggg@'...............
***,,,,..#.#.#####.........#.#.##
,,,,,,,*,*,#,*,,,###########.#.#
******,*,*,*,*,,,* #.#.##
*,*,,,*,*,,,* ###.#...
*,*,***,*,,,* #.......
*,*,,,*,*,,,****** #.......
*,*,*,*,*,,,,,,,,* #.......
**,*<*,*,**,,,,,,,* ###'####


You could see 4 gnolls.

Vanquished Creatures
  An orc wizard (D:3)
  3 adders (D:3)
  A dart slug (D:3)
  3 leopard geckos
  5 orcs
  A ball python (D:2)
  A giant cockroach (D:2)
  4 goblins
  7 hobgoblins
  2 quokkas (D:2)
  5 bats
  A frilled lizard (D:2)
  2 kobolds
  3 rats
39 creatures vanquished.

Vanquished Creatures (collateral kills)
  A worker ant (D:2)
  An adder (D:2)
  A worm (D:2)
  A hobgoblin (D:2)
4 creatures vanquished.

Grand Total: 43 creatures vanquished

Notes
Turn   | Place    | Note
-------+----------+-------------------------------------------
     0 | D:1      | BlueFish the Mummy Wizard began the quest for the Orb.
     0 | D:1      | Reached XP level 1. HP: 13/13 MP: 5/5
   776 | D:2      | Reached XP level 2. HP: 19/19 MP: 5/7
   780 | D:2      | Learned a level 2 spell: Call Imp
   783 | D:2      | Learned a level 2 spell: Blink
   786 | D:2      | Learned a level 2 spell: Slow
   838 | D:2      | Reached skill level 5 in Spellcasting
   838 | D:2      | Reached XP level 3. HP: 9/25 MP: 0/9
   843 | D:2      | Learned a level 3 spell: Mephitic Cloud
  1221 | D:2      | Found a transporter.
  1318 | D:2      | Found an ancient bone altar of Kikubaaqudgha.
  1372 | D:2      | Found a transporter.
  2350 | D:3      | Noticed Terence
  2692 | D:3      | Reached skill level 1 in Conjurations
  2692 | D:3      | Reached XP level 4. HP: 31/31 MP: 1/11
  3176 | D:3      | Found a runed translucent door.
  3179 | D:3      | Noticed FishTaco's ghost (amateur DEIE)
  3490 | D:3      | Reached XP level 5. HP: 36/36 MP: 8/13
  3507 | D:3      | Slain by a gnoll

Levels and vault maps discovered:
D:1:      giann_horns, layout_loops_ring
D:2:      layout_loops_corners, gammafunk_temple_overflow_arena, first_ration
D:3:      minmay_octagon_keep, layout_basic, ebering_ghost_reflecting_pool,
          minmay_box_of_dots, uniq_terence

Skill      XL: |  1  2  3  4 |
---------------+-------------+-----
Spellcasting   | 5 |  5.8
Conjurations   | 1 2 |  2.0
Stealth        | 2 |  2.0
Fighting       | |  0.7
Dodging        | |  1.9
Summonings     | |  0.9
Translocations | |  0.7

Action                   |  1- 3 |  4- 6 || total
-------------------------+-------+-------++-------
Melee: Dagger            |    33 |    36 ||    69
 Cast: Magic Dart        |    86 |    39 ||   125
       Call Imp          |     5 |       ||     5
       Slow              |     1 |     1 ||     2
       Mephitic Cloud    |     1 |       ||     1
  Use: Scroll            |       |     2 ||     2
Armor: Robe              |     6 |     2 ||     8
Dodge: Dodged            |    36 |    23 ||    59

Table legend:
 A = Non-vault XP
 B = Vault XP
 C = Vault XP percentage of total XP
 D = Non-vault monster count
 E = Vault monster count
 F = Vault count percentage of total count
                 A         B        C        D         E       F
            +---------+---------+-------+---------+---------+-------
      Total |     199 |       0 |   0.0 |      43 |       0 |   0.0
            +---------+---------+-------+---------+---------+-------
        D:1 |      11 |       0 |   0.0 |       6 |       0 |   0.0
        D:2 |      75 |       0 |   0.0 |      20 |       0 |   0.0
        D:3 |     113 |       0 |   0.0 |      17 |       0 |   0.0
            +---------+---------+-------+---------+---------+-------
